AoeStats
← cobradorxbox

Arabia

507933779Analyzed
4v4 RM · 11d ago on Sep 20, 2026· 50m 59s· 8 players
Game mode
Random Map
Map size
Large (8 player)
Population
200
Speed
Normal
Resources
Standard
Victory
Conquest
Starting age
Dark Age
Ending age
Imperial Age
RankedLock teamsTeams togetherTeam positionsShared explorationLock speedFull tech treeHidden civsTurbo modeCheats
Victory
Defeat
1101
+11
🇪🇸 Goths · Spain
1027
+14
🇦🇷 Franks · Argentina
999
+15
🇨🇿 Italians · Czechia
933
+17
🇹🇷 Goths · Türkiye
1032
-17
🇨🇳 Khmer · China
994
-15
🇨🇳 Persians · China
945
-13
🇻🇳 Franks · Vietnam
922
-12
西装老头
0:27 Loom
10:35 Feudal Age
17:59 Castle Age
16:55 Double-Bit Axe
18:49 Husbandry
32:57 Horse Collar
35:04 Wheelbarrow
38:50 Imperial Age
36:15 Town Watch
38:17 Bloodlines
37:32 Light Cavalry
43:17 Pikeman
Traygamor
3:29 Loom
10:51 Feudal Age
14:57 Castle Age
13:11 Double-Bit Axe
13:15 Horse Collar
22:01 Bow Saw
22:19 Heavy Plow
23:16 Wheelbarrow
29:01 Imperial Age
26:27 Stone Mining
26:30 Gold Mining
27:02 Hand Cart
26:33 Town Watch
28:23 Stone Shaft Mining
28:28 Squires
29:06 Scale Barding Armor
29:03 Scale Mail Armor
29:15 Forging
28:30 Pikeman
29:11 Halberdier
30:33 Iron Casting
30:44 Chain Mail Armor
33:12 Two-Man Saw
32:46 Crop Rotation
33:18 Blast Furnace
33:33 Anarchy
32:54 Elite Huskarl
34:20 Perfusion
42:37 Padded Archer Armor
42:28 Fletching
43:00 Ballistics
43:41 Chemistry
42:20 Elite Skirmisher
44:08 Leather Archer Armor
43:50 Bodkin Arrow
高老头子
6:25 Loom
9:31 Feudal Age
18:36 Castle Age
17:29 Scale Barding Armor
17:36 Double-Bit Axe
19:29 Bloodlines
20:16 Horse Collar
25:06 Chain Barding Armor
26:38 Forging
26:31 Husbandry
27:29 Pikeman
28:10 Squires
28:26 Heavy Plow
29:28 Bow Saw
31:22 Wheelbarrow
34:29 Iron Casting
38:19 Imperial Age
36:08 Hand Cart
36:02 Gold Mining
36:02 Stone Mining
40:07 Chemistry
39:29 Conscription
38:32 Cavalier
40:54 Crop Rotation
41:07 Fletching
41:22 Padded Archer Armor
44:07 Gold Shaft Mining
44:07 Stone Shaft Mining
45:32 Plate Barding Armor
45:13 Leather Archer Armor
45:59 Blast Furnace
44:55 Bodkin Arrow
yukinohana.htn
10:06 Feudal Age
11:12 Double-Bit Axe
20:00 Castle Age
17:56 Gold Mining
19:40 Stone Mining
21:37 Gold Shaft Mining
21:14 Bow Saw
25:38 Wheelbarrow
28:59 Imperial Age
28:43 Husbandry
28:57 Forging
28:53 Scale Barding Armor
29:02 Fortified Wall
29:14 Cavalier
30:37 Iron Casting
30:26 Hand Cart
34:17 Man-at-Arms
34:43 Gambesons
34:59 Squires
35:01 Scale Mail Armor
46:26 Chain Mail Armor
45:34 Long Swordsman
46:01 Arson
46:11 Two-Handed Swordsman
48:32 Pikeman
Zuzujj
7:57 Loom
10:50 Feudal Age
13:19 Horse Collar
13:28 Double-Bit Axe
17:26 Castle Age
23:59 Fletching
24:09 Padded Archer Armor
26:17 Pikeman
31:43 Wheelbarrow
34:25 Bow Saw
35:10 Ballistics
40:01 Bodkin Arrow
40:22 Leather Archer Armor
43:09 Imperial Age
41:04 Husbandry
42:20 Bloodlines
41:34 Light Cavalry
46:01 Forging
45:57 Scale Barding Armor
47:21 Hussar
49:38 Elite Genoese Crossbowman
cobradorxbox
2:59 Loom
11:33 Feudal Age
16:49 Castle Age
15:09 Horse Collar
15:16 Double-Bit Axe
20:44 Heavy Plow
22:06 Bow Saw
23:22 Gold Mining
23:35 Stone Mining
25:44 Pikeman
26:25 Squires
28:01 Wheelbarrow
31:53 Imperial Age
29:52 Hand Cart
30:14 Forging
30:05 Scale Mail Armor
31:13 Anarchy
32:56 Iron Casting
32:36 Chain Mail Armor
32:09 Halberdier
35:49 Blast Furnace
36:01 Elite Huskarl
37:21 Crop Rotation
38:39 Conscription
47:38 Town Watch
Caterpillar punta de acero
11:51 Feudal Age
11:25 Loom
13:10 Double-Bit Axe
18:53 Castle Age
20:08 Bow Saw
20:22 Horse Collar
23:18 Forging
23:14 Scale Barding Armor
23:20 Heavy Plow
30:35 Imperial Age
28:16 Husbandry
28:09 Pikeman
30:30 Iron Casting
30:16 Chain Barding Armor
30:44 Bloodlines
32:22 Chemistry
31:20 Cavalier
33:14 Plate Barding Armor
34:56 Gold Mining
45:21 Paladin
El Lobizon Chinchu
2:09 Loom
10:36 Feudal Age
13:07 Double-Bit Axe
21:04 Castle Age
19:27 Gold Mining
22:38 Husbandry
23:14 Forging
23:11 Scale Barding Armor
28:01 Iron Casting
32:14 Imperial Age
30:23 Wheelbarrow
34:15 Hand Cart
34:34 Scale Mail Armor
36:43 Elite Throwing Axeman
36:52 Cavalier
38:18 Conscription
37:36 Light Cavalry
42:01 Blast Furnace
41:17 Chain Mail Armor
40:56 Fletching
48:58 Plate Mail Armor
48:50 Chain Barding Armor
Connection lost

Rejoining the realm…

Still unreachable

The connection could not be restored.

Session expired

The server has moved on; the page needs a fresh start.